 Dungeon Crawl Stone Soup version 0.21-a0-1-gaf3b9a5 (webtiles) character file.

84 anfisbena the Skirmisher (level 4, -3/42 HPs)
             Began as a Hill Orc Fighter on May 20, 2017.
             Slain by a goblin
             ... wielding a +0 dagger of electrocution
             ... led by Robin
              (17 damage)
             ... on level 2 of the Dungeon.
             The game lasted 00:01:47 (1217 turns).

anfisbena the Skirmisher (Hill Orc Fighter)         Turns: 1217, Time: 00:01:47

Health: -3/42      AC:  6    Str: 23    XL:     4   Next: 46%
Magic:  4/4        EV:  7    Int:  8    God:
Gold:   79         SH:  9    Dex: 11    Spells: 3/3 levels left

rFire    . . .     SeeInvis .   a - +0 war axe
rCold    . . .     Gourm    .   c - +0 shield
rNeg     . . .     Faith    .   b - +0 scale mail
rPois    .         Spirit   .   (no helmet)
rElec    .         Reflect  .   (no cloak)
rCorr    .         Harm     .   (no gloves)
MR       .....                  (no boots)
Stlth    ..........             (no amulet)
Regen    0.2/turn               (no ring)
MPRegen  0.1/turn               (no ring)

@: mighty
A: no striking features
a: no special abilities


You were on level 2 of the Dungeon.
You were not hungry.

You visited 1 branch of the dungeon, and saw 2 of its levels.

You collected 79 gold pieces.

Inventory:

Hand Weapons
 a - a +0 war axe (weapon)
Armour
 b - a +0 scale mail (worn)
 c - a +0 shield (worn)
Jewellery
 l - a cursed ring of teleportation {unknown}
 m - an uncursed amulet of guardian spirit {unknown}
Scrolls
 e - a scroll of teleportation {unknown}
 g - 2 scrolls of identify {unknown}
 h - a scroll of fog {unknown}
 i - a scroll of enchant weapon {unknown}
Potions
 d - a potion of might
 n - 2 potions of cancellation {unknown}
Comestibles
 f - 4 bread rations
 j - 5 chunks of flesh
 k - a royal jelly


   Skills:
 + Level 5.0 Fighting
 + Level 4.6 Axes
 - Level 3.2 Armour
 - Level 3.2 Shields


You had 3 spell levels left.
You didn't know any spells.

Dungeon Overview and Level Annotations

Branches:
Dungeon (2/15)

Altars:


Message History

You kill Robin!
You barely miss the goblin. The goblin hits you but does no damage.
You block the goblin's attack.
A goblin comes into view. It is wielding a dagger.
You slash the goblin!
You kill the goblin!
You barely miss the goblin. You closely miss the goblin.
You block the goblin's attack. x2
You closely miss the goblin. You slash the goblin!
You kill the goblin!
You closely miss the goblin. You block the goblin's attack.
The goblin hits you with a dagger of electrocution.
* * * LOW HITPOINT WARNING * * *
The hobgoblin barely misses you.
You slash the goblin!
You kill the goblin!
Your shield and scale mail prevent you from hitting the hobgoblin.
You closely miss the goblin. The goblin hits you but does no damage.
You are electrocuted!
You die...

### #### #.. ...
#.# ..# ####
#.####..### ...
#.##......#
####.##.##.#..#.#
#.ggg@g....#.....
....##)#).......# #
. #g#.######.# .#
..#.# #.###.#
####.######.....#
#.....##.....######
#.....##.###.......
#........###.#.<>..
#.....##.##.#..##..


You could see a hobgoblin and 4 goblins.

Vanquished Creatures
  Jessica (D:2)
  Robin (D:2)
  An adder (D:2)
  An ooze (D:1)
  3 giant cockroaches
  7 goblins
  3 hobgoblins (D:1)
  A ball python (D:1)
  8 bats (D:1)
  3 frilled lizards
  3 kobolds (D:1)
  3 rats
35 creatures vanquished.

Notes
Turn   | Place    | Note
-------+----------+-------------------------------------------
     0 | D:1      | anfisbena the Hill Orc Fighter began the quest for the Orb.
     0 | D:1      | Reached XP level 1. HP: 19/19 MP: 1/1
   304 | D:1      | Reached XP level 2. HP: 26/27 MP: 2/2
   355 | D:1      | Reached skill level 4 in Fighting
   946 | D:1      | Reached XP level 3. HP: 33/33 MP: 3/3
  1142 | D:2      | Noticed Jessica
  1151 | D:2      | Killed Jessica
  1185 | D:2      | Reached XP level 4. HP: 39/41 MP: 4/4
  1203 | D:2      | Noticed Robin
  1210 | D:2      | Reached skill level 5 in Fighting
  1214 | D:2      | Killed Robin
  1217 | D:2      | Slain by a goblin

Vault maps used:
D:1:      dpeg_arrival_leaves_temple_mockup
D:2:      first_bread, uniq_sigmund, uniq_robin, uniq_jessica

Skill      XL: |  1  2  3  4 |
---------------+-------------+-----
Axes           | 3 4 |  4.6
Fighting       | 4 5 |  5.0
Armour         | |  3.2
Shields        | |  3.2

Action                   |  1- 3 |  4- 6 || total
-------------------------+-------+-------++-------
Melee: War axe           |   117 |    13 ||   130
  Use: Potion            |       |     1 ||     1
  Eat: Chunk             |     1 |       ||     1
Armor: Scale mail        |    70 |    10 ||    80
Dodge: Dodged            |    40 |     6 ||    46
Block: Shield            |    63 |    12 ||    75
